 Dungeon Crawl Stone Soup version 0.28.0-47-ge53b351184 (webtiles) character file.

Game seed: 10852406239130934596

871 bobregger the Basher (level 8, -1/78 HPs)
             Began as an Ogre Berserker on May 8, 2022.
             Was a Believer of Trog.
             Splashed by a jelly's acid (11 damage)
             ... on level 5 of the Dungeon.
             The game lasted 00:05:00 (4994 turns).

bobregger the Basher (Ogre Berserker)               Turns: 4994, Time: 00:05:01

Health: -1/78      AC: -9    Str: 22    XL:     8   Next: 3%
Magic:  8/8        EV: 10    Int:  8    God:    Trog [**....]
Gold:   280        SH:  0    Dex: 10    Spells: 7/7 levels left

rFire   + . .      SeeInvis .   a - +0 mace
rCold   . . .      Faith    .   (no shield)
rNeg    . . .      Spirit   .   b - +0 animal skin
rPois   .          Reflect  .   (helmet restricted)
rElec   .          Harm     .   p - scarf {repulsion}
rCorr   .          Rampage  .   (gloves unavailable)
Will    .....                   (boots unavailable)
Stlth   +.........              (no amulet)
HPRegen 0.23/turn               m - ring of protection from fire
MPRegen 0.11/turn               (no ring)

@: corroded, on berserk cooldown, slowed, repel missiles, very slow
A: large, unfitting armour, tough skin 1
a: Renounce Religion, Berserk, Trog's Hand


You were on level 5 of the Dungeon.
You worshipped Trog.
Trog was pleased with you.
You visited 1 branch of the dungeon, and saw 5 of its levels.

You collected 280 gold pieces.

Inventory:

Hand Weapons
 a - a +0 mace (weapon)
Armour
 b - a +0 animal skin (worn)
 p - a scarf of repulsion (worn)
Jewellery
 m - a ring of protection from fire (left hand)
Scrolls
 c - 2 scrolls of identify {unknown}
 d - 3 scrolls of fear {unknown}
 e - a scroll of summoning {unknown}
 f - 4 scrolls of fog {unknown}
 g - a scroll of torment {unknown}
 h - 2 scrolls of teleportation {unknown}
 i - a scroll of immolation {unknown}
 l - 4 scrolls of silence {unknown}
 n - a scroll of vulnerability {unknown}
Potions
 o - a potion of haste {unknown}
 q - a potion of berserk rage {unknown}


   Skills:
 - Level 4.0 Fighting
 + Level 8.6 Maces & Flails
 - Level 2.6 Dodging


You had 7 spell levels left.
You didn't know any spells.
Your spell library was empty.

Dungeon Overview and Level Annotations

Branches:
Dungeon (5/15)
 Temple: D:4-7

Altars:
Okawaru
Xom


Innate Abilities, Weirdness & Mutations

You are too large for most types of armour.
You have tough skin. (AC +1)


Message History

A jelly comes into view.
The jelly quivers.
You sock the black bear!
You kill the black bear!
Trog accepts your kill.
You have reached level 8!
Found an escape hatch in the floor.
You feel a strong urge to attack something.
You feel your anger nearly subside.
You are no longer berserk.
You are exhausted.
You feel yourself slow down.
You start resting.
A jelly is nearby!
A jelly is nearby!
A jelly is nearby!
The jelly barely misses you. The jelly hits you. The acid corrodes you!
You are splashed with acid!
You hit the jelly.
Your hands burn!
The jelly is moderately wounded.
The jelly hits you.
You are splashed with acid!
You completely miss the jelly.
The jelly is moderately wounded.
The jelly hits you.
You are splashed with acid!
The jelly hits you. The acid corrodes you!
You are splashed with acid.
* * * LOW HITPOINT WARNING * * *
You hit the jelly.
Your hands burn!
* * * LOW HITPOINT WARNING * * *
The jelly is heavily wounded.
The jelly completely misses you.
You hit the jelly.
Your hands burn!
* * * LOW HITPOINT WARNING * * *
The jelly is severely wounded.
The jelly hits you.
* * * LOW HITPOINT WARNING * * *
The acid corrodes you!
You are splashed with acid!
* * * LOW HITPOINT WARNING * * *
The jelly hits you.
* * * LOW HITPOINT WARNING * * *
The acid corrodes you!
You are splashed with acid!
You die...

.. .... ....... .#....
######### ....#
:.......####.#..#####.#
.........†.............
######..##..#..####.<.
.......#.##J....#.....#
.<..J..#.##@.#.##
#...####
.......#).#.##.#
#...##.# #
.......##.#.##.#
#...##.### .......
#...##.##.#.........
.......
##........#...######
....... #.###.####...#
# #..##.# #...# #
#######.##.# #...######
#........#.# #...#...#.


You could see a jelly.

Vanquished Creatures
  Duvessa (D:4)
  An ogre (D:4)
  A necrophage (D:5)
  A black bear (D:5)
  A phantom (D:5)
  Dowan (D:4)
  A water moccasin skeleton (D:5)
  A howler monkey (D:5)
  2 hounds
  An orc priest (D:5)
  Ijyb (D:4)
  An orc wizard (D:5)
  A gnoll (D:1)
  4 adders
  An ufetubus (D:5)
  An adder skeleton (D:3)
  2 worms (D:3)
  2 dart slugs (D:2)
  8 orcs
  7 ball pythons
  9 endoplasms
  4 giant cockroaches
  9 goblins
  6 hobgoblins
  8 quokkas
  4 bats
  4 frilled lizards
  5 kobolds
  10 rats
98 creatures vanquished.

Vanquished Creatures (others)
  A plant (D:2)
1 creature vanquished.

Grand Total: 99 creatures vanquished

Notes
Turn   | Place    | Note
-------+----------+-------------------------------------------
     0 | D:1      | bobregger the Ogre Berserker began the quest for the Orb.
     0 | D:1      | Reached XP level 1. HP: 24/24 MP: 1/1
    27 | D:1      | Reached skill level 3 in Maces & Flails
   102 | D:1      | Reached XP level 2. HP: 27/32 MP: 2/2
   244 | D:1      | Found a faded altar of an unknown god.
   345 | D:1      | Reached XP level 3. HP: 33/39 MP: 3/3
   777 | D:1      | Reached skill level 4 in Maces & Flails
  1593 | D:2      | Reached ** piety under Trog
  1625 | D:2      | Found a shimmering altar of Xom.
  1632 | D:2      | Reached XP level 4. HP: 44/48 MP: 4/4
  2660 | D:3      | Reached skill level 5 in Maces & Flails
  2660 | D:3      | Reached XP level 5. HP: 35/54 MP: 5/5
  2960 | D:3      | Found a shimmering altar of Xom.
  3213 | D:4      | Noticed Duvessa
  3216 | D:4      | Noticed Dowan
  3230 | D:4      | HP: 1/81 [Duvessa/+0 short sword (8)]
  3231 | D:4      | Killed Duvessa
  3232 | D:4      | Reached skill level 6 in Maces & Flails
  3232 | D:4      | Reached XP level 6. HP: 2/62 MP: 6/6
  3247 | D:4      | Killed Dowan
  3567 | D:4      | Reached skill level 7 in Maces & Flails
  3745 | D:4      | Reached XP level 7. HP: 41/70 MP: 7/7
  4250 | D:4      | Noticed Ijyb
  4251 | D:4      | Found an iron altar of Okawaru.
  4258 | D:4      | Killed Ijyb
  4338 | D:5      | Entered Level 5 of the Dungeon
  4601 | D:5      | Reached skill level 8 in Maces & Flails
  4982 | D:5      | Reached XP level 8. HP: 78/78 MP: 8/8
  4994 | D:5      | Splashed by a jelly's acid

Illustrated notes

Levels and vault maps discovered:
D:1:      dpeg_arrival_arbitrary_b, layout_basic,
          hellmonk_ecumenical_altar_crossroads
D:2:      layout_basic, basic_altar, serial_forest, infiniplex_forest_diagonal,
          infiniplex_forest_clump_medium, infiniplex_forest_lined_4_way,
          infiniplex_forest_split, infiniplex_forest_end_3
D:3:      layout_rooms, marbit_many_paths, gup_sewer_entry_bubbles,
          skrybe_limestone_x
D:4:      layout_basic, kennysheep_okawaru_gauntlet, minmay_ruptured, uniq_ijyb,
          uniq_duvessa
D:5:      layout_basic, ebering_ghost_gozag, feat_on_display

Skill      XL: |  1  2  3  4  5  6  7 |
---------------+----------------------+-----
Maces & Flails | 3 4 5 6 7 8 |  8.6
Fighting       | |  4.0
Dodging        | |  2.6

Action                   |  1- 3 |  4- 6 |  7- 9 || total
-------------------------+-------+-------+-------++-------
Melee: Mace              |   105 |   170 |    49 ||   324
       Punch             |     2 |     4 |       ||     6
Invok: Berserk           |       |     3 |     4 ||     7
       Trog's Hand       |       |     1 |       ||     1
  Use: Potion            |       |     5 |     4 ||     9
 Stab: Sleeping          |     2 |     1 |       ||     3
Armor: Animal skin       |    39 |    47 |     6 ||    92
       Skin              |       |    15 |       ||    15
Dodge: Dodged            |    71 |    88 |    25 ||   184
       Repelled          |       |       |     1 ||     1
